Meike, neutral female human Tourist --------------------------------- #-................................ ###|.----....-----.----+--..----- | ###..| ----.|...|.- ..| ### |.| |.|._.|.| .| # |.- |.|...(.---- -.| ### |. |.|...|....+ |.-+- # |. -+--.----|....| |... # |..........+ -+--.-----..- # |. -+--..| |........+ # |.- |.----- -+---....| | ------------) |.| |.|./.|--- ----.-----.| |........d..I |.| ----.+.]!|..| +.......| |.....d....|))# .| |....|[!%|..| |.......| |........d.@# |.----....-----|---------.....{.| ------------ |...............................| --------------------------------- Meike the Excursionist Experience level: 6 Strength: 12 Dexterity: 13 Constitution: 15 Intelligence: 16 Wisdom: 8 Charisma: 13 Health: 0(48) Energy: 24(24) Def: 8 Gold: 727 Moves: 4388 Dungeon seed: THX4YCe7iVuMtB_W Game ID: Meike_1537436083 Your Inventory: Coins $ - 727 gold pieces Amulets u - an uncursed amulet of magical breathing (being worn) Weapons a - 3 +2 darts (in quiver) y - 8 cursed -1 darts L - a +0 elven dagger (weapon in hand) M - 6 poisoned +0 darts Y - 35 +0 darts Armor b - an uncursed +0 pair of iron shoes (being worn) e - a blessed +0 Hawaiian shirt (being worn) j - an uncursed +0 dwarvish cloak (being worn) r - an uncursed +0 elven mithril-coat (being worn) x - an uncursed +0 orcish helm (being worn) Comestibles c - an uncursed food ration S - an uncursed tin of gnome lord meat Scrolls k - 2 blessed scrolls of magic mapping l - 2 uncursed scrolls of magic mapping p - an uncursed scroll of teleportation v - an uncursed scroll of fire B - 2 uncursed scrolls of blank paper Potions z - an uncursed potion of oil Wands C - a wand of secret door detection (0:11) Z - a wand of magic missile (0:1) Tools m - an expensive camera (0:73) n - an uncursed credit card A - an uncursed stethoscope J - an uncursed tin whistle O - 9 uncursed wax candles (0:400) P - an uncursed partly used wax candle (0:243) Q - a magic marker (0:58) T - an uncursed skeleton key W - 3 cursed tallow candles (0:200) Gems s - an uncursed garnet stone t - an uncursed fluorite stone w - an uncursed aquamarine stone F - an uncursed worthless piece of yellowish brown glass I - an uncursed worthless piece of blue glass N - 5 uncursed worthless pieces of orange glass R - an uncursed chrysoberyl stone Spells and supernatural/magical abilities: Name Level Category Fail Memory W - pray for help -- divine ? -- Your skills at the end: Fighting Skills Weapon Skills dagger [Basic] dart [Basic] Spellcasting Skills Final Attributes: You were piously aligned. You were telepathic. You could survive without air. You are dead. Vanquished creatures: an iron piercer a bugbear an imp a rock piercer a rock mole a fog cloud 6 gnome lords 2 gnomish wizards a kobold mummy an elf zombie a paper golem a giant ant 2 floating eyes a kitten 5 dwarves a kobold lord 2 hill orcs a giant bat a werejackal 2 iguanas 4 coyotes a gas spore 4 hobbits a large kobold 2 giant rats a brown mold a yellow mold 2 green molds 16 gnomes 2 gnome zombies 2 geckos 12 jackals 3 goblins a sewer rat 8 grid bugs 6 lichens 6 newts 105 creatures vanquished. Voluntary challenges: You had been an atheist until turn 3561. You used a wielded weapon 125 times, starting on turn 146. You read items or engraved 1 time, starting on turn 4384. You never genocided any monsters. You never polymorphed an object. You never changed form. You used no wishes. You never split a pudding. You wrote Elbereth's name 1 time, starting on turn 4384. You never violated your personal moral code. Dungeon overview: The Dungeons of Doom: levels 1 to 4 Level 1 some fountains a long staircase Level 2 some fountains Level 3 Level 4 a potion shop, a fountain stairs to The Gnomish Mines The Gnomish Mines: levels 5 to 7 Level 5 stairs to The Dungeons of Doom Level 6 Level 7 <- You were here a general store, a temple to Blind Io, a fountain History has recorded: On T:1 you entered the Dungeons of Doom to retrieve the Amulet of Yendor! On T:144 you reached level 2 of The Dungeons of Doom. On T:931 you advanced to experience level 2. On T:958 you reached level 3 of The Dungeons of Doom. On T:1302 you reached level 4 of The Dungeons of Doom. On T:1896 you advanced to experience level 3. On T:2210 you reached level 1 of The Gnomish Mines. On T:2306 you advanced to experience level 4. On T:2695 you advanced to experience level 5. On T:3641 you reached level 2 of The Gnomish Mines. On T:3843 you advanced to experience level 6. On T:4177 you reached level 3 of The Gnomish Mines. Score breakdown: Gold: 402 ( 8862 points) Experience: 6 levels (12456 points) Exploration: 7 levels ( 15.22%) (10954 points) Discoveries: 15 items ( 5.03%) ( 6730 points) Valuables value: (no points given unless you survive) Artifact value: 0 ( 0 points) Variety of kills: 37 monsters ( 9.71%) ( 9348 points) Turncount: 4388 turns (-1161 points) Survival: died (score multiplied by 80%) Total score: 37751 Latest messages: You feel much better. You attack thin air. The dart misses. It bites! The dart hits it. Something growls! Wolves appear! It bites! The wolf bites! Something growls! A wolf appears! It misses. You write in the dust with your fingers. The wolf turns to flee! (5x) The winter wolf turns to flee! The wolf turns to flee! (2x) The winter wolf breathes frost! The blast of frost hits you! You hear the wailing of the Banshee... The blast of frost bounces! The blast of frost hits you! You die... Final status: Aloha Meike the Tourist, killed by a blast of frost... You died in The Gnomish Mines on dungeon level 7 with 37751 points, and 727 pieces of gold, after 4388 moves. You were level 6 with a maximum of 48 hit points when you died.